 Dungeon Crawl Stone Soup version 0.32-a0-841-g4648e6c457 (webtiles) character file.

Game seed: 14253635466521873945

204888 BubbleThief the Devastator (level 18, -8/267 HPs)
             Began as a Naga Alchemist on Mar 27, 2024.
             Was the Champion of Vehumet.
             Mangled by a black mamba (21 damage)
             ... on level 5 of the Lair of Beasts.
             The game lasted 01:51:48 (37626 turns).

BubbleThief the Devastator (Naga Alchemist)        Turns: 37626, Time: 01:51:49

Health: -8/267     AC: 15    Str: 11    XL:     18   Next: 66%
Magic:  37/37      EV: 13    Int: 30    God:    Vehumet [******]
Gold:   2901       SH:  0    Dex: 11    Spells: 11/47 levels left

rFire   + . .        i - +12 glaive of Prune {freeze, Prune}
rCold   + + .        (shield currently unavailable)
rNeg    + . .        P - +2 robe {rC+ rF+}
rPois   +            F - +3 hat of the Locust {+Inv rElec rC+ rN+}
rElec   +            U - +1 cloak
rCorr   .            j - +0 pair of gloves {hurl}
SInv    +            (no barding)
Will    ++...        S - amulet of magic regeneration Stlth
                     T - +6 ring of intelligence
HPRegen 0.64/turn    X - +5 ring of evasion
MPRegen 0.65/turn

%: no passive effects
@: berserking (expiring), lethally poisoned (-8 -> -24), quick
A: AC +6, large, see invisible, deformed body, poison resistance, slowness 2,
spit poison 1, naga tail 2
}: 1/15 runes: gossamer
a: Spit Poison, Renounce Religion, Evoke Invisibility


You were on level 5 of the Lair of Beasts.
You worshipped Vehumet.
Vehumet was exalted by your worship.
You visited 5 branches of the dungeon, and saw 27 of its levels.
You also visited: Ice Cave and Volcano.

You collected 3813 gold pieces.
You spent 912 gold pieces at shops.

Inventory:

Hand Weapons
 i - the +12 glaive of Prune (weapon) {freeze, Prune}
   (You took it off a frost giant on level 12 of the Dungeon)

   Prune:     It halves damage taken while paralysed, petrified or unconscious.
 y - the +4 long sword "Soul" {freeze, rN+ Int+3}
   (You found it on level 14 of the Dungeon)

   Int+3:     It affects your intelligence (+3).
   rN+:       It protects you from negative energy.
 G - the +10 war axe "Killer Bee's Death" {heavy, Dex+5}
   (You found it on level 5 of the Lair of Beasts)

   Dex+5:     It affects your dexterity (+5).
Missiles
 l - 8 throwing nets
Armour
 j - a +0 pair of gloves of hurling (worn)
 r - a scarf of repulsion
 x - a +2 robe of positive energy
 F - the +3 hat of the Locust (worn) {+Inv rElec rC+ rN+}
   (You found it on level 4 of the Spider Nest)

   rC+:       It protects you from cold.
   rElec:     It insulates you from electricity.
   rN+:       It protects you from negative energy.
   +Inv:      It lets you turn invisible.
 N - +0 ice dragon scales
 P - a +2 robe of resistance (worn)
 U - a +1 cloak (worn)
 V - the -1 cloak of Tartarus {^Drain Fly Regen+ Str+2}
   (You found it on level 1 of the Spider Nest)

   Str+2:     It affects your strength (+2).
   Fly:       It grants you flight.
   Regen+:    It increases your rate of health regeneration.
   ^Drain:    It drains your maximum health when unequipped.
Jewellery
 d - a ring of willpower
 g - a ring of protection from cold
 q - a +6 ring of dexterity
 v - a ring of protection from fire
 B - a ring of fire
 D - a ring of wizardry
 O - a +6 ring of intelligence
 S - an amulet of magic regeneration (around neck)
 T - a +6 ring of intelligence (left hand)
 X - a +5 ring of evasion (right hand)
 Z - a ring of flight
Wands
 A - a wand of warping (13)
 C - a wand of digging (3)
Scrolls
 a - 2 scrolls of butterflies
 c - 8 scrolls of teleportation
 k - a scroll of poison
 n - 6 scrolls of fear {unknown}
 p - 3 scrolls of fog
 s - 3 scrolls of enchant weapon {unknown}
 t - 2 scrolls of revelation
 u - 5 scrolls of amnesia
 M - 3 scrolls of immolation
 Q - 3 scrolls of blinking
 Y - 3 scrolls of brand weapon
Potions
 b - 3 potions of magic
 e - 7 potions of might
 f - 8 potions of curing
 h - 4 potions of resistance
 m - 2 potions of mutation
 o - 4 potions of enlightenment
 w - 4 potions of brilliance
 z - 3 potions of lignification {unknown}
 E - 9 potions of haste
 H - 2 potions of cancellation {unknown}
 I - 12 potions of ambrosia
 J - 2 potions of invisibility
 K - 2 potions of berserk rage {unknown}
 L - 5 potions of attraction
 W - 5 potions of heal wounds {unknown}
Miscellaneous
 R - a phantom mirror


   Skills:
 - Level 15.0 Fighting
 - Level 1.5 Dodging
 - Level 3.0 Stealth
 - Level 15.0 Spellcasting
 + Level 17.7 Conjurations
 + Level 17.7 Fire Magic
 - Level 7.0 Alchemy


You had 11 spell levels left.
You knew the following spells:

 Your Spells              Type           Power      Damage    Failure   Level
a - Plasma Beam           Fire/Air       33%        2x1d46    2%          6
b - Mephitic Cloud        Conj/Alch/Air  64%        N/A       1%          3
c - Olgreb's Toxic Radia  Alch           60%        N/A       1%          4
d - Sticky Flame          Fire/Alch      77%        2d12      1%          4
e - Starburst             Conj/Fire      45%        6d13      1%          6
f - Freezing Cloud        Conj/Ice/Air   27%        6-21      1%          5
g - Ignition              Fire           45%        3d13      2%          8

Your spell library contained the following spells:

 Spells                   Type           Power      Damage    Failure   Level
 Foxfire                  Conj/Fire      100%       2x1d9     0%          1
 Sting                    Conj/Alch      100%       1d9       0%          1
 Scorch                   Fire           100%       2d9       0%          2
 Flame Wave               Conj/Fire      91%        2d19      0%          4
 Apportation              Tloc           44%        N/A       1%          1
 Necrotise                Necr           88%        1d8       1%          1
 Summon Small Mammal      Summ           88%        N/A       1%          1
 Mercury Vapours          Alch/Air       86%        N/A       1%          2
 Brom's Barrelling Bould  Conj/Erth      66%        2d8       1%          4
 Ensorcelled Hibernation  Hex/Ice        44%        N/A       3%          2
 Jinxbite                 Hex            44%        N/A       3%          2
 Lesser Beckoning         Tloc           44%        N/A       3%          2
 Alistair's Intoxication  Alch           40%        N/A       3%          5
 Leda's Liquefaction      Alch/Erth      21%        N/A       4%          4
 Yara's Violent Unravell  Hex/Alch       21%        3d10      4%          5
 Call Canine Familiar     Summ           22%        N/A       6%          3
 Gell's Gravitas          Tloc           22%        N/A       6%          3
 Passwall                 Erth           22%        N/A       6%          3
 Sigil of Binding         Hex            22%        N/A       6%          3
 Swiftness                Air            22%        N/A       6%          3
 Teleport Other           Tloc           22%        N/A       6%          3
 Lee's Rapid Deconstruct  Erth           11%        3d8*      16%         5
 Dimensional Bullseye     Hex/Tloc       11%        N/A       21%         4
 Borgnjor's Vile Clutch   Necr/Erth      11%        N/A       50%         5
 Silence                  Hex/Air        11%        N/A       50%         5
 Permafrost Eruption      Ice/Erth       11%        2x4d4     58%         6
 Summon Cactus Giant      Summ           11%        N/A       97%         6
 Enfeeble                 Hex            11%        N/A       100%        7


Dungeon Overview and Level Annotations

Branches:
Dungeon (15/15)            Temple (1/1) D:7            Lair (5/5) D:10
  Swamp (0/4) Lair:2       Spider (4/4) Lair:2        Slime (0/5) Lair:4
    Orc (2/2) D:11            Elf (0/3) Orc:2        Vaults (0/5) D:14
 Depths (0/4) D:15          IceCv (visited)         Volcano (visited)

Altars:
Ashenzari
Cheibriados
Dithmenos
Elyvilon
Fedhas
Gozag
Hepliaklqana
Kikubaaqudgha
Makhleb
Nemelex Xobeh
Okawaru
Qazlal
Ru
Sif Muna
Trog
Uskayaw
Vehumet
Wu Jian
Xom
Yredelemnul
Beogh
Jiyva

Shops:
D:11 =   D:13 (   Orc:2 :*[*

Portals:
Pandemonium: Orc:2

Annotations:
D:12 3 runed translucent doors
Lair:5 1 transporter, Lefae's ghost, journeyman DsSh


Innate Abilities, Weirdness & Mutations

Your serpentine skin is tough. (AC +6)
You have supernaturally acute eyesight. (SInv)
Armour fits poorly on your strangely shaped body.
Your system is resistant to poisons. (rPois)
You cover ground very slowly.
You can spit poison.
You can use your snake-like lower body to constrict enemies.


Message History

The black mamba is moderately wounded.
You constrict the black mamba!
You feel very sick.
The black mamba bites you but does no damage. x2
The water moccasin closely misses you. The black mamba misses you.
The black mamba closely misses you. The water moccasin closely misses you.
The black mamba bites you. Lefae's ghost misses you.
The moth of wrath completely misses you.
The black mamba bites you!!
* * * LOW HITPOINT WARNING * * *
You are more poisoned.
The black mamba poisons you!
You are too berserk!
You are too berserk!
Okay, then.
You slash the black mamba!
The black mamba seems to slow down.
You freeze the black mamba.
The black mamba is severely wounded.
You constrict the black mamba!
You feel extremely sick. The black mamba misses you.
The water moccasin barely misses you.
The black mamba bites you but does no damage.
The black mamba misses you. The water moccasin misses you.
The moth of wrath bites you!
* * * LOW HITPOINT WARNING * * *
Lefae's ghost barely misses you. The black mamba barely misses you. x2
The water moccasin bites you.
* * * LOW HITPOINT WARNING * * *
Unknown command.
You completely miss the black mamba.
The black mamba is almost dead.
You constrict the black mamba.
You feel extremely sick. The black mamba barely misses you.
The black mamba completely misses you. The water moccasin closely misses you.
The black mamba bites you but does no damage.
The moth of wrath closely misses you. Lefae's ghost hits you!
* * * LOW HITPOINT WARNING * * *
The black mamba bites you!!
You die...

......#####........#######
.....P.##..#.........##..#
.............[...........# ##
..............####©###..### ####P
..........#####. ###.##...###.##.
....####..#©...# .....##.........
....# #.##...#. .#....#.###.....
....####.#.....S#..##..#..#.#....
.#.......#..##BW@S.#.Y.#..###..#.
.##......#....F#yS...#.##.#......
..##.....##.##.SY###....#........
..##P..<..#y...$![[.#..##.....#..
#####.....##(.##### Y###....(.#..
#.......####.©.####...........
#...)...............#......##.
##................####.....####
#........#.##..#### ##.÷..## #


You could see a boulder beetle, an elephant, a moth of wrath, 2 black mambas, a
blink frog, 2 water moccasins and Lefae's ghost.

Vanquished Creatures
  A sphinx (D:12)
  The ghost of jestert79 the Brawler, an adept DrSh of Hepliaklqana (Spider:1)
  3 frost giants
  2 emperor scorpions (Spider:4)
  A ghost moth (Spider:4)
  7 broodmothers
  A very ugly thing (D:15)
  A white draconian (IceCv)
  A spark wasp (Spider:1)
  2 ettins (D:12)
  Josephine (Lair:3)
  8 entropy weavers
  A jorogumo (Spider:4)
  5 catoblepae
  5 hydras
  7 radroaches
  9 ironbound frosthearts (IceCv)
  5 ice dragons (IceCv)
  9 centaur warriors
  6 boulder beetles
  A demonspawn (Orc:2)
  2 dancing weapons (D:14)
  4 two-headed ogres
  2 tengu warriors (D:14)
  8 orc high priests (Orc:2)
  9 death yaks
  14 demonic crawlers
  A hell knight (Volcano)
  A deep elf knight (D:14)
  5 pharaoh ants
  3 skysharks
  Lodul (D:11)
  A glowing orange brain (shapeshifter) (D:15)
  A glowing orange brain (D:15)
  14 orb spiders
  8 steelbarb worms
  14 orc knights
  A lindwurm (Lair:5)
  3 obsidian bats
  3 deep elf pyromancers
  5 manticores
  3 cyclopes
  An oklob plant (Lair:4)
  31 wolf spiders
  4 orc sorcerers (Orc:2)
  11 ugly things
  6 elephants (Lair:5)
  9 meliai
  6 kobold blastminers
  3 moths of wrath
  3 black mambas
  6 torpor snails
  3 gargoyles
  2 unseen horrors
  2 kobold demonologists
  11 rime drakes
  An efreet (D:15)
  A tengu conjurer (D:14)
  8 cane toads
  8 komodo dragons
  9 polar bears
  10 trolls
  A hellwing (Orc:2)
  A queen bee (Lair:1)
  A tyrant leech (Lair:2)
  27 tarantellas
  Grinder (D:3)
  14 blink frogs
  A culicivora (shapeshifter) (D:13)
  A centaur simulacrum (D:12)
  11 dream sheep
  42 jumping spiders
  29 culicivoras
  4 wraiths
  A yak (shapeshifter) (D:13)
  13 slime creatures
  A vampire (D:12)
  A ynoxinul (Orc:2)
  71 yaks
  3 water elementals (D:12)
  A wyvern (D:7)
  A basilisk (D:14)
  2 steam dragons
  2 wargs
  Eustachio (D:6)
  58 redbacks
  2 vampire mosquitoes (D:12)
  Menkaure (D:6)
  4 acid dragons
  2 swamp worms (Lair:2)
  10 water moccasins
  41 orc warriors
  7 ice beasts
  A sky beast (D:6)
  4 black bears
  3 laughing skulls
  6 wolves
  16 ogres
  11 centaurs
  2 phantoms
  A kobold brigand (D:7)
  Blork the orc (D:6)
  6 bullfrogs
  4 scorpions
  3 wights (D:8)
  43 killer bees
  An electric eel (D:9)
  5 howler monkeys
  2 bombardier beetles
  5 hounds
  36 orc priests
  5 iguanas
  13 hell rats (Lair:2)
  A sleepcap (D:6)
  19 orc wizards
  7 gnolls
  9 adders
  7 river rats
  A white imp (D:7)
  2 ufetubi (D:7)
  A dart slug (D:1)
  2 ribbon worms
  87 orcs
  10 bats
  8 endoplasms
  2 giant cockroaches
  7 goblins
  8 hobgoblins
  14 jackals
  2 quokkas
  6 ball pythons
  2 frilled lizards
  14 kobolds
  13 rats
1060 creatures vanquished.

Vanquished Creatures (collateral kills)
  A redback (Spider:3)
1 creature vanquished.

Vanquished Creatures (others)
  A rime drake (IceCv)
1 creature vanquished.

Grand Total: 1062 creatures vanquished

Notes
Turn   | Place    | Note
-------+----------+-------------------------------------------
     0 | D:1      | BubbleThief the Naga Alchemist began the quest for the Orb.
     0 | D:1      | Reached XP level 1. HP: 15/15 MP: 3/3
   179 | D:1      | Reached XP level 2. HP: 22/22 MP: 5/5
   463 | D:1      | Reached XP level 3. HP: 28/28 MP: 4/6
  1052 | D:2      | Learned a level 3 spell: Mephitic Cloud
  1338 | D:2      | Reached XP level 4. HP: 36/36 MP: 8/8
  1509 | D:2      | Reached skill level 5 in Alchemy
  1556 | D:2      | Found a faded altar of an unknown god.
  1941 | D:3      | Learned a level 4 spell: Olgreb's Toxic Radiance
  2020 | D:3      | Found a basalt altar of Yredelemnul.
  2045 | D:3      | Noticed Grinder
  2117 | D:4      | Reached XP level 5. HP: 17/42 MP: 4/10
  2240 | D:4      | Noticed an ice beast
  2249 | D:4      | Killed an ice beast
  2250 | D:4      | Reached XP level 6. HP: 9/49 MP: 2/12
  2489 | D:4      | Learned a level 4 spell: Sticky Flame
  2605 | D:4      | Reached XP level 7. HP: 51/55 MP: 9/14
  2664 | D:4      | Reached skill level 5 in Spellcasting
  2736 | D:4      | Reached skill level 1 in Fighting
  3046 | D:4      | Found a sparkling altar of Nemelex Xobeh.
  3084 | D:5      | Entered Level 5 of the Dungeon
  3402 | D:5      | Reached skill level 1 in Fire Magic
  3567 | D:5      | Reached XP level 8. HP: 58/68 MP: 11/16
  4310 | D:3      | Found a burning altar of Makhleb.
  4704 | D:3      | Paralysed by Grinder for 4 turns
  4709 | D:3      | Killed Grinder
  5456 | D:6      | Found an iron altar of Okawaru.
  5469 | D:6      | Reached XP level 9. HP: 61/80 MP: 19/19
  5590 | D:6      | Noticed Blork the orc
  5594 | D:6      | Killed Blork the orc
  5595 | D:6      | Reached skill level 5 in Fighting
  5641 | D:6      | Noticed Menkaure
  5644 | D:6      | Killed Menkaure
  5747 | D:6      | Reached skill level 5 in Fire Magic
  5876 | D:6      | Noticed Eustachio
  5888 | D:6      | Killed Eustachio
  6548 | D:7      | Found a staircase to the Ecumenical Temple.
  6567 | Temple   | Entered the Ecumenical Temple
  6572 | Temple   | Became a worshipper of Vehumet
  6829 | D:7      | Reached XP level 10. HP: 62/92 MP: 12/22
  7047 | D:7      | Found an opulent altar of Gozag.
  7574 | D:8      | You fall into a shaft and drop 1 floor!
  7602 | D:9      | Reached * piety under Vehumet
  7602 | D:9      | Offered knowledge of Kiss of Death by Vehumet.
  8427 | D:9      | Noticed a cyclops
  8433 | D:9      | Killed a cyclops
  8524 | D:10     | Entered Level 10 of the Dungeon
  8524 | D:10     | Noticed a two-headed ogre
  8563 | D:10     | Noticed a boulder beetle
  8572 | D:10     | Killed a boulder beetle
  8573 | D:10     | Reached XP level 11. HP: 104/104 MP: 14/24
  9609 | D:10     | Offered knowledge of Freeze by Vehumet.
  9726 | D:10     | Killed a two-headed ogre
  9726 | D:10     | Reached ** piety under Vehumet
  9780 | D:10     | Found a staircase to the Lair.
  9800 | D:10     | Reached skill level 10 in Spellcasting
 10454 | Lair:1   | Entered Level 1 of the Lair of Beasts
 10638 | Lair:1   | Reached skill level 10 in Fighting
 10769 | Lair:1   | Offered knowledge of Frozen Ramparts by Vehumet.
 10777 | Lair:1   | Reached *** piety under Vehumet
 11242 | Lair:1   | Reached XP level 12. HP: 26/118 MP: 20/27
 11828 | Lair:2   | Offered knowledge of Stone Arrow by Vehumet.
 12097 | Lair:2   | Noticed a skyshark
 12106 | Lair:2   | Killed a skyshark
 12336 | Lair:2   | Found a hole to the Spider Nest.
 12721 | Lair:2   | Noticed a four-headed hydra
 12730 | Lair:2   | Reached **** piety under Vehumet
 12730 | Lair:2   | Killed a four-headed hydra
 13002 | Lair:2   | Found a staircase to the Swamp.
 13458 | Lair:3   | Noticed Josephine
 13466 | Lair:3   | Offered knowledge of Hailstorm by Vehumet.
 13470 | Lair:3   | Killed Josephine
 13745 | Lair:3   | Found an ancient bone altar of Kikubaaqudgha.
 13763 | Lair:3   | Learned a level 6 spell: Starburst
 13937 | Lair:3   | Noticed a skyshark
 13952 | Lair:3   | Killed a skyshark
 14223 | Lair:3   | Noticed a catoblepas
 14238 | Lair:3   | Killed a catoblepas
 14239 | Lair:3   | Reached skill level 5 in Conjurations
 14457 | Lair:3   | Gained mutation: You can use your snake-like lower body to
                  | constrict enemies. [Naga growth]
 14457 | Lair:3   | Reached XP level 13. HP: 130/130 MP: 24/29
 14926 | Lair:4   | Found a viscous altar of Jiyva.
 14929 | Lair:4   | Found a staircase to the Slime Pits.
 15168 | Lair:5   | Entered Level 5 of the Lair of Beasts
 15843 | Lair:4   | Reached ***** piety under Vehumet
 16683 | D:11     | Offered knowledge of Brom's Barrelling Boulder by Vehumet.
 16686 | D:11     | Noticed Lodul
 16696 | D:11     | Reached skill level 10 in Conjurations
 16699 | D:11     | Killed Lodul
 16700 | D:11     | Reached skill level 10 in Fire Magic
 17035 | D:11     | Found Uwuempau's Jewellery Boutique.
 17213 | D:11     | Found a staircase to the Orcish Mines.
 17354 | Orc:1    | Entered Level 1 of the Orcish Mines
 17737 | Orc:1    | Reached XP level 14. HP: 139/139 MP: 23/30
 17768 | Orc:1    | HP: 1/139 [orc priest/divine providence (9)]
 18099 | Orc:1    | Found a roughly hewn altar of Beogh.
 18385 | Orc:2    | Entered Level 2 of the Orcish Mines
 18605 | Orc:2    | Found a dark tunnel.
 18613 | Volcano  | Entered a volcano
 19000 | Orc:2    | Found a staircase to the Elven Halls.
 19363 | Orc:2    | Offered knowledge of Airstrike by Vehumet.
 19971 | Orc:2    | Found Setwen's General Store.
 20007 | Orc:2    | Found Wamarres's General Store.
 20084 | Orc:2    | Bought a potion of haste for 140 gold pieces
 20086 | Orc:2    | Bought a potion of might for 64 gold pieces
 20086 | Orc:2    | Bought a scroll of blinking for 120 gold pieces
 20086 | Orc:2    | Bought a scroll of teleportation for 48 gold pieces
 20260 | Orc:2    | Learned a level 6 spell: Plasma Beam
 20637 | Orc:2    | Found Giodumie's Antique Armour Shoppe.
 20637 | Orc:2    | Found Xobeil's Book Emporium.
 20637 | Orc:2    | Found a one-way gate leading to the halls of Pandemonium.
 20691 | Orc:2    | Bought a runed cloak for 202 gold pieces
 20850 | Orc:2    | Bought a book of Vapours for 338 gold pieces
 20857 | Orc:2    | Learned a level 5 spell: Freezing Cloud
 21789 | D:12     | Identified the +9 sling of Invincibility {speed, rPois
                  | Will+ rCorr}
 22068 | D:12     | Reached XP level 15. HP: 115/150 MP: 27/31
 22197 | D:12     | Found a runed translucent gate.
 22197 | D:12     | Found a runed translucent gate.
 22197 | D:12     | Found a runed translucent gate.
 22201 | D:12     | Noticed a sphinx
 22364 | D:12     | Noticed a frost giant
 22370 | D:12     | Offered knowledge of Ozocubu's Refrigeration by Vehumet.
 22693 | D:12     | Found a runed translucent gate.
 22693 | D:12     | Found a runed translucent gate.
 22693 | D:12     | Found a runed translucent gate.
 23330 | D:13     | Identified the +5 chain mail "Tovish" {Will++ Str+4 Dex+2}
 23344 | D:13     | Found Vehiask's Antique Weapon Boutique.
 23601 | D:14     | Found an iron altar of Okawaru.
 23833 | D:14     | Identified the +7 great mace "Sisics" {freeze, Fly rPois
                  | Dex+2}
 24016 | D:14     | Identified the +0 leather armour of Birdsong {Harm rF- rC++
                  | Regen+}
 24035 | D:14     | Identified the +3 mace "Dragonbane" {chaos, Will++}
 24037 | D:14     | Identified the +4 long sword "Soul" {freeze, rN+ Int+3}
 24061 | D:14     | Identified the +3 leather armour of the Trombone {rC+
                  | Slay+3}
 24491 | D:14     | Found an ornate altar of the Wu Jian Council.
 24986 | D:14     | Found a gate to the Vaults.
 25121 | D:15     | Entered Level 15 of the Dungeon
 25615 | D:15     | Found a staircase to the Depths.
 26421 | D:12     | Killed a sphinx
 26423 | D:12     | Killed a frost giant
 26424 | D:12     | Reached skill level 15 in Fighting
 26594 | D:12     | Got the Folio of Gritty Imprecation
 26596 | D:12     | Identified the +3 plate armour of Midsummer {Str+3 Dex+2}
 26757 | Lair:5   | Reached XP level 16. HP: 157/163 MP: 25/33
 27221 | Lair:5   | Offered knowledge of Spellforged Servitor by Vehumet.
 27316 | Lair:5   | Found a transporter.
 27321 | Lair:5   | Noticed Lefae's ghost (journeyman DsSh)
 27333 | Lair:5   | Found a transporter.
 27977 | Lair:5   | Reached skill level 15 in Conjurations
 28322 | Lair:5   | Identified the +10 war axe "Killer Bee's Death" {heavy,
                  | Dex+5}
 28815 | Spider:1 | Entered Level 1 of the Spider Nest
 29194 | Spider:1 | Offered knowledge of Arcjolt by Vehumet.
 29246 | Spider:1 | Found a glacial archway.
 29263 | IceCv    | Entered an ice cave
 29539 | IceCv    | Reached skill level 15 in Spellcasting
 30127 | IceCv    | Reached XP level 17. HP: 170/170 MP: 36/36
 31128 | Spider:1 | Reached skill level 15 in Fire Magic
 31460 | Spider:1 | Found a runed translucent gate.
 31460 | Spider:1 | Found a runed translucent gate.
 31461 | Spider:1 | Found a runed translucent gate.
 31463 | Spider:1 | Noticed jestert79's ghost (adept DrSh)
 32685 | Spider:2 | Reached ****** piety under Vehumet
 33495 | Spider:2 | Offered knowledge of Conjure Ball Lightning by Vehumet.
 34664 | Spider:3 | Identified the +3 chain mail of Sophism {rF+ Slay+3}
 34814 | Spider:3 | Reached XP level 18. HP: 176/178 MP: 34/37
 35123 | Spider:4 | Entered Level 4 of the Spider Nest
 35648 | Spider:3 | Offered knowledge of Ignition by Vehumet.
 35658 | Spider:3 | Learned a level 8 spell: Ignition
 37011 | Spider:4 | Got a gossamer rune of Zot
 37013 | Spider:4 | Identified the +3 hat of the Locust {+Inv rElec rC+ rN+}
 37244 | Spider:1 | Killed jestert79's ghost
 37439 | Spider:1 | Identified the -1 cloak of Tartarus {^Drain Fly Regen+
                  | Str+2}
 37442 | Spider:1 | Identified the +4 quarterstaff of the Devouring Goat {vamp,
                  | Will+ rCorr MP+9 Str-5}
 37626 | Lair:5   | HP: 13/267 [Lefae's ghost (14)]
 37626 | Lair:5   | Mangled by a black mamba

Illustrated notes

Levels and vault maps discovered:
D:1:      nzn_arrival_water_spiral, layout_basic
D:2:      layout_basic, shapermc_ecumenical_altar_flowoftime, corexii_shack,
          st_stairs_12, minmay_misc_feat_columns
D:3:      layout_basic, yredelemnul_altar_generic, bloody_makhleb,
          minmay_cupped, uniq_grinder
D:4:      layout_basic, nemelex_dance_club_becter
D:5:      layout_basic, kennysheep_generic_room_12
D:6:      layout_loops_corners, mainiacjoe_overflow_paths, kennysheep_dice,
          uniq_menkaure, uniq_blork_the_orc, uniq_eustachio
D:7:      layout_rooms, mainiacjoe_overflow_alcove_1,
          minmay_temple_entry_stoned_glass
D:8:      layout_rooms, tso_metal_star, zin_academy, minmay_crystal_room
D:9:      layout_basic, lightli_minifort
D:10:     layout_loops_ring, hellmonk_lair_entry_icy,
          serial_library_regret_index_multi, minivault_5
D:11:     layout_basic, hiddenorc2_lemuel, serial_shops, shop,
          minmay_door_square, grunt_ministairs_15, uniq_lodul
D:12:     kennysheep_treasure_stockpile, layout_gridville
D:13:     layout_cave_pools, serial_shops, shop, dreamdust_princess_bridge
D:14:     evilmike_iron_armoury, layout_irregular_city, erik_vaults_1,
          nicolae_wu_jian_wuxing_cycle
D:15:     gammafunk_enter_depths_forms, layout_loops_cross,
          minmay_misc_feat_enclosed
Temple:   minmay_freezing_vapour_temple
Lair:1:   layout_gridlike, special_room [special_room_bee]
Lair:2:   layout_loops_ring, palyth_hydra_swamp_entry, spider_nest_entry_rubble,
          kennysheep_abandoned_house
Lair:3:   layout_chaotic_city, basic_altar, serial_bayou_shore_b, uniq_josephine
Lair:4:   layout_roguey, minmay_slime_entry_oklob_open
Lair:5:   evilmike_catoblepas_cave, layout_cave_pods,
          gammafunk_ghost_berserking_beasts
Spider:1: layout_chambers, gammafunk_ghost_tricky_traps,
          portal_ice_cave_entry_pillars_1
Spider:2: layout_spider_delve
Spider:3: layout_cave_pods
Spider:4: hellmonk_spider_rune_endless_swarm
Orc:1:    layout_caves, special_room [special_room_orc]
Orc:2:    pf_orc_diabolical, layout_caves, lightli_volcano_entry_magma_tube,
          blackcustard_rock_pile

Skill      XL: |  1  2  3  4  5  6  7  8  9 10 11 12 13 14 15 16 17 18 |
---------------+-------------------------------------------------------+-----
Alchemy        | 4 5 6 7 |  7.0
Spellcasting   | 3 4 5 6 8 9 11 12 13 15 | 15.0
Fighting       | 2 4 6 8 10 12 13 15 | 15.0
Fire Magic     | 2 4 6 8 9 10 12 13 16 17 | 17.7
Conjurations   | 6 10 12 14 15 16 17 | 17.7
Dodging        | |  1.5
Stealth        | |  3.0

Action                     |  1- 3 |  4- 6 |  7- 9 | 10-12 | 13-15 | 16-18 || total
---------------------------+-------+-------+-------+-------+-------+-------++-------
  Melee: Unarmed           |     8 |       |       |       |       |       ||     8
         Staff             |     2 |       |       |       |       |       ||     2
         Spear             |       |    21 |   103 |   233 |   253 |       ||   610
         Constrict         |       |       |       |       |    97 |    53 ||   150
         Long sword        |       |       |       |       |    27 |       ||    27
         Glaive            |       |       |       |       |     2 |   195 ||   197
   Fire: Sling             |       |       |       |       |    33 |       ||    33
   Cast: Sting             |    37 |    34 |    15 |    27 |    11 |       ||   124
         Olgreb's Toxic Ra |       |     4 |    37 |    68 |   126 |   168 ||   403
         Sticky Flame      |       |       |     6 |    55 |    81 |   116 ||   258
         Mephitic Cloud    |       |       |     7 |    17 |    33 |    57 ||   114
         Starburst         |       |       |       |     9 |    44 |    79 ||   132
         Freezing Cloud    |       |       |       |       |    22 |    11 ||    33
         Plasma Beam       |       |       |       |       |    27 |    59 ||    86
         Ignition          |       |       |       |       |       |     3 ||     3
Ability: Spit Poison       |    34 |    24 |    28 |    41 |    76 |    78 ||   281
  Evoke: Wand              |       |       |       |     8 |     1 |     4 ||    13
         Phial of floods   |       |       |       |       |     1 |     1 ||     2
    Use: Scroll            |       |       |       |       |    19 |     6 ||    25
         Potion            |       |       |       |       |       |     2 ||     2
   Stab: Sleeping          |       |       |     1 |       |     1 |     1 ||     3
         Confused          |       |       |     4 |     7 |     3 |     5 ||    19
         Distracted        |       |       |       |     1 |       |       ||     1
 Armour: Robe              |    34 |    24 |    89 |   263 |   350 |   415 ||  1175
         Skin              |       |       |     1 |       |       |       ||     1
         Leather armour    |       |       |       |       |    43 |       ||    43
  Dodge: Dodged            |    19 |    17 |    41 |   140 |   152 |   288 ||   657

Table legend: (Time is in decaauts)
 A = Elapsed time spent in this place.
 B = Non-inter-level travel time spent in this place.
 C = Inter-level travel time spent in this place.
 D = Time resting spent in this place.
 E = Time spent auto-exploring this place.
 F = Levels seen in this place.
 G = Mean time per level.
                   A        B        C        D        E       F      G
               +--------+--------+--------+--------+--------+-----+--------+
         Total |  45393 |  43007 |   2386 |   7690 |  27995 |  29 | 1565.3 |
       Dungeon |  20433 |  19187 |   1246 |   1634 |  14572 |  15 | 1362.2 |
        Temple |     14 |     14 |      0 |      0 |      0 |   1 |   14.0 |
          Lair |  10382 |   9834 |    548 |   1675 |   6870 |   5 | 2076.4 |
   Spider Nest |   8011 |   7540 |    471 |   1900 |   3933 |   4 | 2002.8 |
  Orcish Mines |   4088 |   3968 |    120 |   1357 |   1872 |   2 | 2044.0 |
      Ice Cave |   2066 |   2066 |      0 |   1090 |    548 |   1 | 2066.0 |
       Volcano |    396 |    396 |      0 |     32 |    198 |   1 |  396.0 |
               +--------+--------+--------+--------+--------+-----+--------+

Top non-repeatable levels by time:
  Lair:5: 2663 daAuts
  Lair:2: 2642 daAuts
   Orc:2: 2621 daAuts
Spider:1: 2471 daAuts
    D:12: 2086 daAuts
    D:14: 2070 daAuts
   IceCv: 2066 daAuts
Spider:4: 2007 daAuts
Spider:3: 1898 daAuts
  Lair:4: 1895 daAuts
     D:9: 1861 daAuts
     D:6: 1834 daAuts
Spider:2: 1633 daAuts
    D:10: 1625 daAuts
  Lair:3: 1614 daAuts
